 Dungeon Crawl Stone Soup version 0.23-a0-635-g88ca12a7de (webtiles) character file.

50 Adamkad1 the Caller (level 3, -3/25 HPs)
             Began as a Vampire Summoner on Dec 27, 2018.
             Killed by divine providence
             ... invoked by an orc priest
              (14 damage)
             ... on level 3 of the Dungeon.
             The game lasted 00:06:05 (4932 turns).

Adamkad1 the Caller (Vampire Summoner)              Turns: 4932, Time: 00:06:06

Health: -3/25      AC:  2    Str:  7    XL:     3   Next: 55%
Magic:  3/6        EV: 13    Int: 18    God:
Gold:   142        SH:  0    Dex: 14    Spells: 0/6 levels left

rFire    . . .     SeeInvis +   i - +0 dagger
rCold    + . .     Gourm    .   (no shield)
rNeg     + + .     Faith    .   a - +0 robe
rPois    +         Spirit   .   (no helmet)
rElec    .         Reflect  .   (no cloak)
rCorr    .         Harm     .   (no gloves)
MR       .....                  (no boots)
Stlth    +++.......             (no amulet)
HPRegen  0.04/turn              (no ring)
MPRegen  0.10/turn              (no ring)

@: regenerating slowly
A: fangs 3, see invisible, unbreathing
a: Bat Form


You were on level 3 of the Dungeon.
You were very thirsty.

You visited 1 branch of the dungeon, and saw 3 of its levels.

You collected 142 gold pieces.

Inventory:

Hand Weapons
 i - a +0 dagger (weapon)
Armour
 a - a +0 robe (worn)
Jewellery
 b - an uncursed amulet of the acrobat {unknown}
Scrolls
 e - 7 scrolls of identify {unknown}
 f - 3 scrolls of teleportation {unknown}
 h - a scroll of magic mapping {unknown}
 j - a scroll of torment {unknown}
 n - a scroll of immolation {unknown}
 p - a scroll of amnesia {unknown}
 q - a scroll of remove curse {unknown}
Potions
 c - 4 potions of blood
 d - a potion of magic {unknown}
 g - a potion of resistance {unknown}
 k - a potion of lignification {unknown}
 l - a potion of heal wounds {unknown}
 m - a potion of degeneration {unknown}
 o - a potion of curing {unknown}


   Skills:
 + Level 0.3 Fighting
 + Level 2.5 Dodging
 + Level 3.6 Stealth
 - Level 0.4 Unarmed Combat
 * Level 2.4 Spellcasting
 * Level 4.5 Summonings


You couldn't memorise any spells.
You knew the following spells:

 Your Spells              Type           Power        Failure   Level  Hunger
a - Summon Small Mammal   Summ           ###.         2%          1    #......
b - Call Imp              Summ           ###.....     4%          2    ##.....
c - Call Canine Familiar  Summ           ###.....     8%          3    ###....

Your spell library contained the following spells:

 Spells                   Type           Power        Failure   Level  Hunger
 Summon Guardian Golem    Hex/Summ       ##......     21%         3    ###....
 Summon Ice Beast         Ice/Summ       ##......     56%         4    #####..
 Summon Lightning Spire   Summ/Air       ##......     56%         4    #####..


Dungeon Overview and Level Annotations

Branches:
Dungeon (3/15)

Altars:


Innate Abilities, Weirdness & Mutations

You heal slowly.
You have razor-sharp teeth.
You have supernaturally acute eyesight. (SInv)
You can survive without breathing.


Message History

What are your orders? t - Shout!
Orders for allies: a - Attack new target. r - Retreat! s - Stop attacking. g - Guard the area. f - Follow me.
Anything else - Cancel.
Gang up on whom?
Press: ? - help, Dir - move target cursor, f - orc priest
Aim: an orc priest, wearing a +0 leather armour Attack!
The orc priest mumbles some strange prayers to Beogh against you.
Beogh smites you!
Ouch! That really hurt!
Your crimson imp hits the orc priest but does no damage.
The orc priest closely misses your crimson imp.
Your crimson imp blinks!
The orc priest invokes the aid of Beogh against you.
Beogh smites you!
Ouch! That really hurt!
You die...

#.#### #.# #....#######.#
####.##...##.######
#.##............. #####
#.##....#........
....#############.##...)#########
....'.....)...........).....(.(%.
....#############.#(...##........
...J..[Joo§.....@.#....##..##.###
....############..#....##%.#
....##...#######..#....##..#
....##...)........#.....#..#
..5.##...########..#....#..#
..............# ##.####.#..#
..[...........# #..# #.#..#
..............# ##.# #.#..#
..............# #.# #.#..#


You could see an orc priest.

Vanquished Creatures
  A leopard gecko (D:2)
  A ball python (D:2)
  7 bats
  2 giant cockroaches
  2 goblins
  2 hobgoblins (D:1)
  2 frilled lizards
  6 kobolds
  A quokka zombie (D:3)
  3 rats
27 creatures vanquished.

Vanquished Creatures (collateral kills)
  An adder (D:2)
  A leopard gecko (D:3)
  7 orcs (D:3)
  A goblin (D:2)
  A hobgoblin (D:2)
  3 kobolds (D:2)
  A rat (D:3)
15 creatures vanquished.

Grand Total: 42 creatures vanquished

Notes
Turn   | Place    | Note
-------+----------+-------------------------------------------
     0 | D:1      | Adamkad1 the Vampire Summoner began the quest for the Orb.
     0 | D:1      | Reached XP level 1. HP: 13/13 MP: 3/3
  1212 | D:1      | Reached XP level 2. HP: 8/19 MP: 1/5
  1669 | D:1      | Learned a level 2 spell: Call Imp
  2994 | D:3      | Reached XP level 3. HP: 20/24 MP: 6/6
  3245 | D:3      | Learned a level 3 spell: Call Canine Familiar
  4932 | D:3      | Killed from afar by an orc priest

Vault maps used:
D:1:      dpeg_arrival_oval
D:2:      lemuel_upstairs_altar, nrook_loot_triangle
D:3:      gammafunk_ghost_cemetery, minmay_misc_feat_square, elyvilon_altar_5

Action                   || total
-------------------------++-------
Melee: Unarmed           ||    95
       Bite              ||    17
       Dagger            ||    85
       Punch             ||     1
 Cast: Summon Small Mamm ||     7
       Call Imp          ||    12
 Abil: End Transformatio ||     2
       Bat Form          ||     2
  Use: Potion            ||     6
 Stab: Sleeping          ||     5
Armor: Robe              ||    48
Dodge: Dodged            ||   175

Table legend:
 A = Non-vault XP
 B = Vault XP
 C = Vault XP percentage of total XP
 D = Non-vault monster count
 E = Vault monster count
 F = Vault count percentage of total count
                 A         B        C        D         E       F
            +---------+---------+-------+---------+---------+-------
      Total |      72 |       0 |   0.0 |      42 |       0 |   0.0
            +---------+---------+-------+---------+---------+-------
        D:1 |      17 |       0 |   0.0 |      11 |       0 |   0.0
        D:2 |      23 |       0 |   0.0 |      11 |       0 |   0.0
        D:3 |      32 |       0 |   0.0 |      20 |       0 |   0.0
            +---------+---------+-------+---------+---------+-------
